 Dungeon Crawl Stone Soup version 0.23-b1-86-gba62f8e092 (webtiles) character file.

Game seed: 12818288788784452349

3007987 Kagerou the Rich (level 27, 324/324 HPs)
             Began as a Gnoll Wizard on Feb 4, 2019.
             Was an Initiate of Gozag.
             Escaped with the Orb
             ... and 5 runes on Feb 7, 2019!
             The game lasted 06:07:56 (74792 turns).

Kagerou the Rich (Gnoll Wizard)                    Turns: 74792, Time: 06:07:57

Health: 324/324    AC: 30    Str: 21    XL:     27
Magic:  33/45      EV: 24    Int: 26    God:    Gozag
Gold:   4039       SH: 28    Dex: 23    Spells: 4/63 levels left

rFire    + + +     SeeInvis .   a - +9 demon trident (vamp)
rCold    + . .     Gourm    .   I - +2 large shield
rNeg     + . .     Faith    .   B - +7 fire dragon scales "Usyafa" {rF++ rC- Dex+2 Slay+2}
rPois    +         Spirit   .   i - -2 hat of the Alchemist {rElec rPois rF+ rC+ rN+ MR+ rMut rCorr}
rElec    +         Reflect  +   D - +2 cloak {+Inv}
rCorr    +         Harm     .   F - +2 pair of gloves {Str+3}
rMut     +                      l - +2 pair of boots of the Assassin {Detection Stab+ Stlth++}
MR       +++++                  J - +3 amulet of reflection
Stlth    ..........             M - ring of the Mage {Wiz MR++ Int+3}
HPRegen  0.64/turn              C - ring "Mafoq" {rC+ Slay+3}
MPRegen  0.29/turn

@: berserking (expiring), death channel, studying Shields, deflect missiles,
very quick
A: distributed training, fangs 1, strong nose
0: Orb of Zot
}: 5/15 runes: decaying, serpentine, slimy, silver, abyssal
a: Potion Petition, Call Merchant, Bribe Branch, Renounce Religion, Evoke
Invisibility


You escaped.
You worshipped Gozag.
Gozag was most pleased with you.
You were very full.

You visited 11 branches of the dungeon, and saw 55 of its levels.
You visited the Abyss 1 time.
You also visited: Ice Cave and Wizlab.

You collected 40453 gold pieces.
You spent 12220 gold pieces at shops.
You paid 24194 gold pieces to Gozag.

Inventory:

Hand Weapons
 a - a +9 vampiric demon trident (weapon)
Missiles
 f - 2 throwing nets (quivered) {=f}
 y - 65 tomahawks
Armour
 i - the -2 hat of the Alchemist (worn) {rElec rPois rF+ rC+ rN+ MR+ rMut rCorr}
   (You found it in a wizard's laboratory)

   It protects you from fire.
   It protects you from cold.
   It insulates you from electricity.
   It protects you from poison.
   It protects you from negative energy.
   It affects your resistance to hostile enchantments.
   It provides partial protection from all sources of acid and corrosion.
   It protects you from mutation.
 l - the +2 pair of boots of the Assassin (worn) {Detection Stab+ Stlth++}
   (You bought it in a shop on level 9 of the Dungeon)

   It makes you much more stealthy.
 B - the +7 fire dragon scales "Usyafa" (worn) {rF++ rC- Dex+2 Slay+2}
   (You found it on level 5 of the Pits of Slime)

   It affects your dexterity (+2).
   It affects your accuracy and damage with ranged weapons and melee attacks
   (+2).
   It greatly protects you from fire.
   It makes you vulnerable to cold.
 D - a +2 cloak of invisibility (worn)
 F - a +2 pair of gloves of strength (worn)
 I - a +2 large shield (worn)
Jewellery
 C - the ring "Mafoq" (right hand) {rC+ Slay+3}
   (You took it off a boggart on level 1 of the Depths)

   [ring of protection from cold]

   It affects your accuracy and damage with ranged weapons and melee attacks
   (+3).
   It protects you from cold.
 J - a +3 amulet of reflection (around neck)
 M - the ring of the Mage (left hand) {Wiz MR++ Int+3}
   (You bought it in a shop on level 3 of the Lair of Beasts)

   [ring of wizardry]

   It improves your spell success rate.
   It affects your intelligence (+3).
   It affects your resistance to hostile enchantments.
 X - the ring of Muocrabi {rF+ Str+4 Dex+2 SInv}
   (You bought it in a shop on level 3 of the Lair of Beasts)

   [ring of see invisible]

   It affects your strength (+4).
   It affects your dexterity (+2).
   It protects you from fire.
   It lets you see invisible.
Wands
 e - a wand of digging (6)
 t - a wand of enslavement (18)
 x - a wand of acid (61)
 U - a wand of clouds (10)
 V - a wand of paralysis (47)
 Z - a wand of iceblast (32)
Scrolls
 b - 3 scrolls of holy word
 c - 5 scrolls of vulnerability
 h - 2 scrolls of magic mapping
 n - 19 scrolls of teleportation
 o - 10 scrolls of blinking
 q - 7 scrolls of fear
 s - 5 scrolls of enchant armour
 v - 29 scrolls of remove curse
 N - 11 scrolls of fog
 Q - 5 scrolls of summoning
 R - 8 scrolls of identify
 T - 7 scrolls of amnesia
 Y - a scroll of silence
Potions
 g - a potion of magic
 k - 5 potions of berserk rage
 p - 4 potions of might
 r - 7 potions of ambrosia
 u - 9 potions of brilliance
 w - 3 potions of resistance
 A - 4 potions of haste
 E - 11 potions of agility
 G - 15 potions of heal wounds
 H - 21 potions of mutation
 K - 7 potions of flight
 L - 21 potions of curing
 S - 4 potions of invisibility
 W - a potion of cancellation
Books
 P - a manual of Shields
Miscellaneous
 j - a fan of gales
 m - a lamp of fire
 z - 5 boxes of beasts
 O - 2 sacks of spiders
Comestibles
 d - 27 rations


   Skills:
 + Level 17.7 Fighting
 + Level 17.7 Short Blades
 + Level 17.7 Long Blades
 + Level 17.7 Axes
 + Level 17.7 Maces & Flails
 + Level 17.7 Polearms
 + Level 17.7 Staves
 + Level 17.7 Slings
 + Level 17.7 Bows
 + Level 17.7 Crossbows
 + Level 17.7 Throwing
 + Level 17.7 Armour
 + Level 18.1 Dodging
 + Level 18.1 Stealth
 + Level 18.9 Shields
 + Level 17.7 Unarmed Combat
 + Level 18.7 Spellcasting
 + Level 15.4 Conjurations
 + Level 15.3 Hexes
 + Level 15.3 Charms
 + Level 15.4 Summonings
 + Level 15.3 Necromancy
 + Level 15.4 Translocations
 + Level 15.3 Transmutations
 + Level 15.3 Fire Magic
 + Level 15.3 Ice Magic
 + Level 15.3 Air Magic
 + Level 15.3 Earth Magic
 + Level 15.3 Poison Magic
 + Level 19.1 Invocations
 + Level 17.7 Evocations


You had 4 spell levels left.
You knew the following spells:

 Your Spells              Type           Power        Failure   Level  Hunger
a - Apportation           Tloc           ######       0%          1    None
b - Blink                 Tloc           N/A          1%          2    None
c - Confuse               Hex            #######.     1%          3    None
f - Summon Butterflies    Summ           #######.     0%          1    None
o - Mephitic Cloud        Conj/Pois/Air  #######.     1%          3    None
r - Regeneration          Chrm/Necr      #######...   1%          3    None
u - Dispel Undead         Necr           #######.     1%          5    None
A - Airstrike             Air            #######...   1%          4    None
D - Death Channel         Necr           #######...   1%          6    ###....
E - Metabolic Englaciati  Hex/Ice        #######...   1%          5    None
F - Cause Fear            Hex            #######...   1%          4    None
I - Invisibility          Hex            #######.     1%          6    ###....
M - Deflect Missiles      Chrm/Air       #######...   1%          6    ###....
O - Orb of Destruction    Conj           #######...   6%          7    #####..
T - Confusing Touch       Hex            ######       0%          1    None
W - Passwall              Tmut/Erth      #######.     1%          2    None

Your spell library contained the following spells:

 Spells                   Type           Power        Failure   Level  Hunger
 Animate Skeleton         Necr           N/A          0%          1    None
 Beastly Appendage        Tmut           ######       0%          1    None
 Corona                   Hex            #######      0%          1    None
 Flame Tongue             Conj/Fire      #####        0%          1    None
 Freeze                   Ice            ####         0%          1    None
 Infusion                 Chrm           ####         0%          1    None
 Magic Dart               Conj           ####         0%          1    None
 Pain                     Necr           ####         0%          1    None
 Sandblast                Erth           ######       0%          1    None
 Shock                    Conj/Air       ####         0%          1    None
 Sting                    Conj/Pois      ####         0%          1    None
 Summon Small Mammal      Summ           ####         0%          1    None
 Call Imp                 Summ           #######.     1%          2    None
 Corpse Rot               Necr           N/A          1%          2    None
 Poisonous Vapours        Pois/Air       ######       1%          2    None
 Searing Ray              Conj           ######       1%          2    None
 Shroud of Golubria       Chrm/Tloc      #######...   1%          2    None
 Slow                     Hex            #######.     1%          2    None
 Song of Slaying          Chrm           #######.     1%          2    None
 Sticks to Snakes         Tmut           #######.     1%          2    None
 Sublimation of Blood     Necr           #######...   1%          2    None
 Swiftness                Chrm/Air       #######.     1%          2    None
 Throw Flame              Conj/Fire      ######       1%          2    None
 Conjure Flame            Conj/Fire      #######.     1%          3    None
 Dazzling Spray           Conj/Hex       ######       1%          3    None
 Gell's Gravitas          Tloc           #######...   1%          3    None
 Ignite Poison            Fire/Tmut/Pois #######.     1%          3    None
 Inner Flame              Hex/Fire       #######.     1%          3    None
 Lesser Beckoning         Tloc           #######...   1%          3    None
 Portal Projectile        Hex/Tloc       ######       1%          3    None
 Spider Form              Tmut/Pois      #######...   1%          3    None
 Static Discharge         Conj/Air       #######.     1%          3    None
 Stone Arrow              Conj/Erth      ######       1%          3    None
 Teleport Other           Tloc           #######.     1%          3    None
 Tukima's Dance           Hex            #######.     1%          3    None
 Vampiric Draining        Necr           #######...   1%          3    None
 Animate Dead             Necr           N/A          1%          4    None
 Force Lance              Conj/Tloc      #######.     1%          4    None
 Fulminant Prism          Conj/Hex       #######...   1%          4    None
 Ice Form                 Ice/Tmut       #######.     1%          4    None
 Iskenderun's Mystic Bla  Conj           #######.     1%          4    None
 Leda's Liquefaction      Hex/Erth       #######...   1%          4    None
 Olgreb's Toxic Radiance  Pois           #######.     1%          4    None
 Petrify                  Tmut/Erth      #######.     1%          4    None
 Sticky Flame             Conj/Fire      #######.     1%          4    None
 Summon Lightning Spire   Summ/Air       #######.     1%          4    None
 Throw Icicle             Conj/Ice       #######.     1%          4    None
 Agony                    Necr           #######.     1%          5    None
 Alistair's Intoxication  Tmut/Pois      #######.     1%          5    None
 Blade Hands              Tmut           #######...   1%          5    None
 Bolt of Draining         Conj/Necr      #######...   1%          5    None
 Bolt of Magma            Conj/Fire/Erth #######...   1%          5    None
 Excruciating Wounds      Chrm/Necr      #######...   1%          5    None
 Fireball                 Conj/Fire      #######...   1%          5    None
 Irradiate                Conj/Tmut      #######...   1%          5    None
 Iskenderun's Battlesphe  Conj/Chrm      #######.     1%          5    None
 Lee's Rapid Deconstruct  Erth           #######...   1%          5    None
 Lightning Bolt           Conj/Air       #######...   1%          5    None
 Silence                  Hex/Air        #######...   1%          5    None
 Summon Forest            Summ/Tloc      #######...   1%          5    None
 Venom Bolt               Conj/Pois      #######...   1%          5    None
 Yara's Violent Unravell  Hex/Tmut       #######...   1%          5    None
 Bolt of Fire             Conj/Fire      #######...   1%          6    ###....
 Conjure Ball Lightning   Conj/Air       #######...   1%          6    ###....
 Darkness                 Hex            #######...   1%          6    ###....
 Freezing Cloud           Conj/Ice/Air   #######...   1%          6    ###....
 Hydra Form               Tmut           #######...   1%          6    ###....
 Iron Shot                Conj/Erth      #######...   1%          6    ###....
 Ozocubu's Refrigeration  Ice            #######...   1%          6    ###....
 Statue Form              Tmut/Erth      #######..    1%          6    ###....
 Dragon Form              Tmut           #######...   6%          7    #####..
 Ring of Flames           Chrm/Fire      #######...   6%          7    #####..
 Spellforged Servitor     Conj/Summ      #######...   6%          7    #####..
 Summon Hydra             Summ           #######...   6%          7    #####..
 Discord                  Hex            #######...   38%         8    ######.
 Ignition                 Fire           #######...   38%         8    ######.
 Dragon's Call            Summ           #######...   99%         9    #######
 Shatter                  Erth           #######...   99%         9    #######
 Tornado                  Air            #######...   99%         9    #######
 Passage of Golubria      Tloc           Unusable     N/A         4    N/A

Dungeon Overview and Level Annotations

Branches:
Dungeon (15/15)            Temple (1/1) D:5            Lair (6/6) D:9
  Swamp (4/4) Lair:4        Snake (4/4) Lair:3        Slime (5/5) Lair:6
    Orc (2/2) D:11            Elf (3/3) Orc:2        Vaults (5/5) D:14
  Crypt (0/3) Vaults:3     Depths (5/5) D:15            Zot (5/5) Depths:5

Altars:
Ashenzari
Cheibriados
Dithmenos
Elyvilon
Fedhas
Gozag
Hepliaklqana
Kikubaaqudgha
Makhleb
Nemelex Xobeh
Okawaru
Qazlal
Ru
Sif Muna
Trog
Uskayaw
Vehumet
Wu Jian
Xom
Yredelemnul
Zin
The Shining One
Beogh
Jiyva

Shops:
D:9 =[   D:14 ?   D:15 [   Orc:2 }[*=?   Lair:3 [=   Lair:4 (   Swamp:3 *
Snake:1 (:[   Snake:4 :   Vaults:1 *   Vaults:3 *   Vaults:4 }   Vaults:5 *
Depths:1 *   Depths:3 [   Depths:4 }

Portals:
Hell: Depths:1 Depths:2 Depths:3 Depths:4 Depths:5
Abyss: Depths:1 Depths:2 Depths:4
Pandemonium: Depths:2 Depths:3 Depths:4
Ziggurat: Depths:3

Annotations:
Orc:2 buckler
Elf:2 1 runed translucent door
Vaults:3 3 runed translucent doors, exclusion: 4 doors, quaternion's ghost, veteran MiFi
Depths:5 2 transporters, P0WERM0DE's ghost, adept DDFi
Zot:1 1 transporter
Zot:3 exclusion: 2 upstairs
Zot:4 exclusion: downstairs
Zot:5 exclusion: 2 upstairs


Innate Abilities, Weirdness & Mutations

Your experience applies equally to all skills.
You have very sharp teeth.
Your uncanny sense of smell can sniff out nearby items.


Message History

There is a staircase leading out of the dungeon here.
Evoke which item? (* to show all) (? for menu, Esc to quit)
Okay, then.
Casting: Passwall (safe; 1% risk of failure)
Confirm with . or Enter, or press ? or * to list all spells.
Malign forces permeate your being, awaiting release.
Casting: Death Channel (safe; 1% risk of failure)
Confirm with . or Enter, or press ? or * to list all spells.
You can't see any susceptible monsters within range! (Use Z to cast anyway.)
Casting: Death Channel (safe; 1% risk of failure)
Confirm with . or Enter, or press ? or * to list all spells.
Aiming: Orb of Destruction (quite dangerous; 7% risk of failure)
Press: ? - help, Shift-Dir - straight line A red film seems to cover your vision as you go berserk!
You feel yourself moving faster!
You feel mighty! What are your orders? t - Bark!
Anything else - Cancel.
You bark wildly!
You feel a strong urge to attack something.
You have escaped!

####....#...#
##.#......#.#...#.#
####.########
#'##.°....#.###.#.#
........#
#...°.........#.#.#
###...#.#
###...○.....###...#.#
##......# ##.#.........#
##..#.#
#.#....####'#'..°......#
####.#
##...........##.......###
#.#
#............##.....#..#
##.#
...#..#......##.@...##.##
#..#
####....#######...#.##..#
##.## ###..####
#..#...#.....# #..#
....##
##............#####.##
#####
##................#..###
#......###....#...#....#
######.# #####..........
#######...# #...........
#######.......###
#...........


There were no monsters in sight!

Vanquished Creatures
  the Royal Jelly (Slime:5)
  4 juggernauts
  3 ancient liches (Vaults:5)
  Vashnia (Snake:2)
  A Killer Klown (Zot:5)
  Saint Roka (Snake:2)
  A mutant beast (WizLab)
  3 caustic shrikes
  5 golden dragons
  Nikola (Swamp:3)
  A bone dragon (Abyss:3)
  5 liches
  11 tentacled monstrosities
  An Ice Fiend (D:11)
  Rupert (Lair:3)
  3 Orb Guardians (Zot:5)
  2 deep elf blademasters (Elf:3)
  2 titans
  A quicksilver dragon (Depths:3)
  A deep elf master archer (Elf:3)
  3 tentacled starspawn
  11 acid blobs
  Gastronok (Lair:3)
  3 death cobs
  8 sphinxes
  7 shadow dragons
  8 tengu reavers
  2 thorn hunters (Swamp:3)
  Kirke (D:14)
  6 azure jellies
  A draconian monk (Zot:2)
  10 nagarajas
  A daeva (Depths:5)
  11 fire giants
  9 storm dragons
  9 frost giants
  12 deep elf sorcerers
  Louise (D:14)
  A balrug (Depths:2)
  3 draconian scorchers
  3 iron dragons
  2 deep elf elementalists
  8 vault wardens
  30 very ugly things
  8 ironheart preservers
  A war gargoyle (Vaults:5)
  3 draconian stormcallers
  3 spriggan defenders
  A draconian annihilator (Depths:5)
  A stone giant (shapeshifter) (Depths:3)
  26 stone giants
  6 vampire knights
  5 green draconians
  9 deep elf demonologists
  The ghost of Vufrucs the Grappler, a journeyman DrTm of Wu Jian (Lair:4)
  11 deep elf annihilators
  2 entropy weavers (Vaults:3)
  A lorocyproca (Depths:2)
  6 white draconians
  4 black draconians
  4 yellow draconians
  5 red draconians
  4 purple draconians
  An eidolon (Abyss:5)
  8 spark wasps
  A crystal guardian (Vaults:4)
  6 deep elf death magi
  Josephine (D:11)
  Snorg (D:12)
  15 ettins
  7 death oozes
  Harold (D:8)
  13 fire dragons
  2 quicksilver dragon skeletons
  6 deep elf high priests
  13 hydras
  11 great orbs of eyes
  17 yaktaur captains
  Fannar (D:12)
  4 rakshasas
  17 naga warriors
  34 vault guards
  11 ice dragons
  A merfolk avatar (Abyss:5)
  A catoblepas (Lair:3)
  A shambling mangrove (Swamp:1)
  A ghost crab (Swamp:3)
  6 spriggan air magi
  13 centaur warriors
  2 death knights
  15 anacondas
  13 alligators
  11 ogre magi
  The ghost of pustota the Basher, a novice MiFi of Okawaru (Lair:1)
  An alligator (shapeshifter) (WizLab)
  5 spriggan berserkers
  3 tengu warriors
  A vampire mage (Depths:4)
  42 two-headed ogres
  5 deep troll shamans
  7 deep troll earth magi
  5 thrashing horrors
  An iron golem (WizLab)
  18 shock serpents
  26 naga sharpshooters
  Nergalle (Lair:3)
  A sun demon (Depths:2)
  A titan zombie (Abyss:4)
  2 soul eaters
  21 deep elf knights
  2 fire crabs (shapeshifter)
  19 skeletal warriors
  2 wretched stars
  A sixfirhy (D:5)
  7 hell knights
  10 sea snakes (Snake:4)
  2 spatial maelstroms
  2 fire crabs (Swamp:4)
  7 salamander mystics
  3 shadow wraiths
  A deep troll (shapeshifter) (WizLab)
  3 iron trolls (Depths:2)
  7 naga ritualists
  2 spriggan druids (Swamp:4)
  8 swamp dragons
  A gelid demonspawn (Depths:2)
  2 glowing orange brains
  13 deep elf archers
  4 unseen horrors
  10 flayed ghosts
  14 deep trolls
  31 orc knights
  3 wizards
  19 ironbrand convokers
  8 necromancers
  A harpy (shapeshifter) (Depths:2)
  5 phantasmal warriors
  57 deep elf magi
  13 mana vipers
  5 harpies
  57 ugly things
  2 frost giant zombies (D:15)
  2 orb spiders (shapeshifter)
  2 oklob plants
  A wolf spider zombie (D:14)
  6 cyclopes
  6 wolf spiders
  2 manticores
  A cyclops (shapeshifter) (Vaults:4)
  A shining eye (shapeshifter) (Depths:1)
  A faun (shapeshifter) (Vaults:5)
  22 salamanders
  4 orc sorcerers
  A fire giant skeleton (Depths:1)
  33 black mambas
  7 guardian serpents
  15 elephants
  18 naga magi
  4 moths of wrath
  A rust devil (Depths:3)
  A molten gargoyle (Swamp:4)
  A stone giant skeleton (Abyss:4)
  3 smoke demons
  2 gargoyles
  2 black mambas (shapeshifter) (WizLab)
  3 centaur skeletons
  14 vault sentinels
  A hellion (Depths:5)
  An orange demon (Abyss:1)
  2 ice statues (IceCv)
  18 spiny frogs
  2 spiny frogs (shapeshifter)
  Psyche (D:12)
  An elf skeleton (D:15)
  A yaktaur (shapeshifter) (WizLab)
  29 yaktaurs
  A rime drake (shapeshifter) (D:15)
  3 kobold demonologists
  3 efreet
  9 komodo dragons
  6 freezing wraiths
  An eye of devastation (Slime:5)
  A tormentor (Abyss:2)
  3 tengu conjurers (Depths:1)
  A hellwing (Depths:2)
  A meliai (shapeshifter) (WizLab)
  A queen bee (shapeshifter) (Vaults:1)
  12 trolls
  A troll (shapeshifter) (WizLab)
  3 ancient zymes
  A spectral harpy (D:14)
  An ice devil (Depths:2)
  A red devil (D:9)
  2 jumping spiders (shapeshifter)
  2 tyrant leeches
  A jumping spider (Vaults:3)
  3 polar bears (shapeshifter)
  7 polar bears
  A hornet (shapeshifter) (WizLab)
  82 slime creatures
  A wind drake (shapeshifter) (WizLab)
  17 hornets
  10 raiju
  33 blink frogs
  7 bog bodies
  A harpy skeleton (D:14)
  2 blink frogs (shapeshifter) (WizLab)
  A hippogriff (shapeshifter) (WizLab)
  13 hippogriffs
  A fire dragon zombie (Depths:1)
  A stone giant simulacrum (Vaults:3)
  12 dream sheep
  A dream sheep (shapeshifter) (WizLab)
  A snapping turtle (shapeshifter) (WizLab)
  A fire dragon skeleton (Depths:1)
  2 redbacks (Vaults:3)
  3 ynoxinuls
  2 air elementals
  8 water elementals
  2 wyverns
  A tarantella (shapeshifter) (Depths:4)
  3 vampires
  A redback (shapeshifter) (Depths:1)
  23 spriggans
  2 humans (shapeshifter)
  2 shadows
  A yak (shapeshifter) (WizLab)
  24 yaks
  2 hogs (D:14)
  A hog (shapeshifter) (WizLab)
  A basilisk (shapeshifter) (WizLab)
  3 fire elementals
  7 golden eyes
  8 wraiths
  3 hungry ghosts
  4 basilisks
  2 golden eyes (shapeshifter)
  6 vampire mosquitoes
  2 chaos spawn
  A neqoxec (Depths:2)
  2 steam dragons (Swamp:4)
  Menkaure (D:4)
  13 wargs
  14 swamp worms
  A naga (shapeshifter) (D:15)
  A spatial vortex (Abyss:3)
  13 insubstantial wisps
  Edmund (D:4)
  61 nagas
  2 soldier ants (shapeshifter) (WizLab)
  16 large abominations
  A soldier ant (D:11)
  3 acid dragons
  25 water moccasins
  2 hell hounds (Abyss:5)
  Duvessa (D:4)
  A water moccasin (shapeshifter) (Depths:3)
  9 porcupines
  19 swamp drakes
  5 floating eyes
  6 black bears
  2 floating eyes (shapeshifter)
  5 sky beasts
  2 ettin simulacra
  78 orc warriors
  16 ice beasts
  35 ogres
  2 phantoms
  17 boggarts
  3 eyes of draining
  31 wolves
  13 crocodiles
  17 centaurs
  An elf zombie (Elf:1)
  A big kobold (shapeshifter) (Depths:1)
  14 bullfrogs
  9 small abominations
  A big kobold (D:6)
  A wyvern zombie (D:6)
  Blork the orc (D:4)
  Dowan (D:4)
  An earth elemental (Elf:3)
  A wyvern skeleton (D:14)
  7 scorpions
  14 killer bees
  6 wights (D:9)
  2 electric eels
  6 howler monkeys
  7 crimson imps
  9 starcursed masses
  11 hounds
  3 centaur zombies
  22 orc wizards
  2 quasits (Depths:2)
  21 orc priests
  8 jellies
  2 bullfrog skeletons
  An iron imp (Abyss:1)
  2 iguanas
  11 worker ants
  A hound skeleton (D:11)
  A howler monkey skeleton (D:11)
  A river rat (shapeshifter) (Depths:1)
  23 adders
  A shadow imp (D:11)
  2 white imps (Depths:2)
  2 ufetubi
  3 adder zombies
  2 adder skeletons
  3 worms
  A dart slug (D:3)
  7 leopard geckos
  155 orcs
  9 bats
  2 giant cockroaches
  9 goblins
  9 hobgoblins
  15 jackals
  3 quokkas
  3 ball pythons
  6 frilled lizards
  11 kobolds
  4 rats
  A fire vortex (Swamp:4)
  3 fungi
  2 plants (Lair:3)
  3 starspawn tentacles (Abyss:5)
2434 creatures vanquished.

Vanquished Creatures (collateral kills)
  3 Killer Klowns (Zot:5)
  An electric golem (Zot:5)
  2 tentacled monstrosities
  A quicksilver dragon (Zot:5)
  11 Orb Guardians (Zot:5)
  A sphinx (Depths:3)
  A tengu reaver (Vaults:5)
  2 storm dragons
  A draconian monk (Zot:5)
  2 frost giants (Vaults:5)
  A deep elf sorcerer (Vaults:5)
  A vault warden (Vaults:5)
  A draconian stormcaller (Zot:5)
  A war gargoyle (Vaults:5)
  A stone giant (Vaults:5)
  A black draconian (Zot:5)
  A yellow draconian (Zot:5)
  2 ettins (Vaults:5)
  A death ooze (Slime:5)
  An ice dragon (Depths:3)
  A spriggan berserker (Depths:3)
  A sea snake (shapeshifter) (Vaults:5)
  A deep troll (Vaults:5)
  An ironbrand convoker (Vaults:5)
  An orb spider (shapeshifter) (Vaults:5)
  A deep elf mage (Vaults:5)
  A moth of wrath (Zot:5)
  A vault sentinel (Vaults:5)
  3 yaktaurs (Vaults:5)
  A spriggan (Swamp:4)
  A killer bee (D:9)
  A plant (Depths:3)
50 creatures vanquished.

Vanquished Creatures (others)
  An orb of fire (Zot:5)
  An ancient lich (Zot:5)
  6 Killer Klowns (Zot:5)
  A curse toe (Zot:5)
  A tentacled monstrosity (Zot:5)
  9 Orb Guardians (Zot:5)
  3 death cobs (Zot:5)
  A shadow dragon (Zot:5)
  A storm dragon (Zot:5)
  2 stone giants (Depths:4)
  A red draconian (Depths:5)
  2 yaktaur captains
  A hydra (Swamp:4)
  25 dancing weapons
  A fire crab (Swamp:4)
  2 swamp dragons (Swamp:4)
  A moth of wrath (Zot:5)
  A salamander (Snake:2)
  An ugly thing (Depths:1)
  2 yaktaurs
  A troll (D:12)
  3 hornets
  A blink frog (Abyss:5)
  A slime creature (Swamp:3)
  A dream sheep (Lair:5)
  3 spriggans
  3 humans (D:14)
  A steam dragon (Swamp:4)
  A naga (Snake:4)
  2 swamp drakes (Swamp:4)
  An ogre (Vaults:4)
  3 wights (D:12)
  An orc wizard (D:14)
  An orc priest (D:14)
  An orc (Snake:2)
  A briar patch (Swamp:3)
  30 fungi
  21 plants
  13 starspawn tentacles
152 creatures vanquished.

Grand Total: 2636 creatures vanquished

Notes
Turn   | Place    | Note
-------+----------+-------------------------------------------
     0 | D:1      | Kagerou the Gnoll Wizard began the quest for the Orb.
     0 | D:1      | Reached XP level 1. HP: 13/13 MP: 8/8
   125 | D:1      | Reached skill level 2 in Conjurations
   125 | D:1      | Reached skill level 2 in Summonings
   125 | D:1      | Reached skill level 2 in Translocations
   208 | D:1      | Reached XP level 2. HP: 19/19 MP: 7/10
   236 | D:1      | Learned a level 2 spell: Blink
   239 | D:1      | Learned a level 2 spell: Call Imp
   242 | D:1      | Learned a level 2 spell: Slow
   814 | D:2      | Reached XP level 3. HP: 25/25 MP: 2/11
   961 | D:2      | Learned a level 3 spell: Mephitic Cloud
   965 | D:2      | Learned a level 3 spell: Conjure Flame
  1275 | D:2      | Reached skill level 1 in Invocations
  1462 | D:2      | Reached skill level 1 in Fighting
  1462 | D:2      | Reached skill level 1 in Short Blades
  1462 | D:2      | Reached skill level 1 in Long Blades
  1462 | D:2      | Reached skill level 1 in Axes
  1462 | D:2      | Reached skill level 1 in Maces & Flails
  1462 | D:2      | Reached skill level 1 in Polearms
  1462 | D:2      | Reached skill level 1 in Staves
  1462 | D:2      | Reached skill level 1 in Slings
  1462 | D:2      | Reached skill level 1 in Bows
  1462 | D:2      | Reached skill level 1 in Crossbows
  1462 | D:2      | Reached skill level 1 in Throwing
  1462 | D:2      | Reached skill level 1 in Armour
  1462 | D:2      | Reached skill level 1 in Shields
  1462 | D:2      | Reached skill level 1 in Unarmed Combat
  1462 | D:2      | Reached skill level 1 in Evocations
  1549 | D:2      | Reached XP level 4. HP: 32/32 MP: 8/13
  2578 | D:2      | Reached skill level 1 in Hexes
  2578 | D:2      | Reached skill level 1 in Charms
  2578 | D:2      | Reached skill level 1 in Necromancy
  2578 | D:2      | Reached skill level 1 in Transmutations
  2578 | D:2      | Reached skill level 1 in Fire Magic
  2578 | D:2      | Reached skill level 1 in Ice Magic
  2578 | D:2      | Reached skill level 1 in Air Magic
  2578 | D:2      | Reached skill level 1 in Earth Magic
  2578 | D:2      | Reached skill level 1 in Poison Magic
  2578 | D:2      | Reached XP level 5. HP: 26/37 MP: 4/14
  3419 | D:3      | Found a white marble altar of Elyvilon.
  3440 | D:3      | Became a worshipper of Elyvilon the Healer
  3677 | D:3      | Noticed an ogre
  3727 | D:3      | Killed an ogre
  3727 | D:3      | Reached skill level 2 in Invocations
  3727 | D:3      | Reached XP level 6. HP: 44/44 MP: 8/16
  3971 | D:4      | Noticed Menkaure
  4135 | D:4      | Noticed Duvessa
  4141 | D:4      | Noticed Dowan
  4143 | D:4      | Killed Duvessa
  4143 | D:4      | Reached skill level 2 in Fighting
  4143 | D:4      | Reached skill level 2 in Short Blades
  4143 | D:4      | Reached skill level 2 in Long Blades
  4143 | D:4      | Reached skill level 2 in Axes
  4143 | D:4      | Reached skill level 2 in Maces & Flails
  4143 | D:4      | Reached skill level 2 in Polearms
  4143 | D:4      | Reached skill level 2 in Staves
  4143 | D:4      | Reached skill level 2 in Slings
  4143 | D:4      | Reached skill level 2 in Bows
  4143 | D:4      | Reached skill level 2 in Crossbows
  4143 | D:4      | Reached skill level 2 in Throwing
  4143 | D:4      | Reached skill level 2 in Armour
  4143 | D:4      | Reached skill level 5 in Dodging
  4143 | D:4      | Reached skill level 2 in Shields
  4143 | D:4      | Reached skill level 2 in Unarmed Combat
  4143 | D:4      | Reached skill level 2 in Evocations
  4417 | D:4      | Found a stormy altar of Qazlal.
  4662 | D:4      | Reached XP level 7. HP: 50/50 MP: 12/18
  4955 | D:4      | Reached skill level 2 in Hexes
  4955 | D:4      | Reached skill level 2 in Charms
  4955 | D:4      | Reached skill level 2 in Necromancy
  4955 | D:4      | Reached skill level 2 in Transmutations
  4955 | D:4      | Reached skill level 2 in Fire Magic
  4955 | D:4      | Reached skill level 2 in Ice Magic
  4955 | D:4      | Reached skill level 2 in Air Magic
  4955 | D:4      | Reached skill level 2 in Earth Magic
  4955 | D:4      | Reached skill level 2 in Poison Magic
  5218 | D:4      | Killed Dowan
  5218 | D:4      | Reached skill level 3 in Conjurations
  5218 | D:4      | Reached skill level 3 in Summonings
  5218 | D:4      | Reached skill level 3 in Translocations
  5583 | D:3      | Reached skill level 5 in Stealth
  5800 | D:4      | Noticed Edmund
  5816 | D:4      | Killed Edmund
  5816 | D:4      | Reached skill level 3 in Invocations
  5816 | D:4      | Reached XP level 8. HP: 57/57 MP: 4/19
  6081 | D:4      | Noticed Blork the orc
  6086 | D:4      | Killed Blork the orc
  6404 | D:5      | Entered Level 5 of the Dungeon
  6459 | D:5      | Found a sacrificial altar of Ru.
  6546 | D:5      | Found a staircase to the Ecumenical Temple.
  6552 | Temple   | Entered the Ecumenical Temple
  6732 | Temple   | Fell from the grace of Elyvilon
  6732 | Temple   | Became a worshipper of Gozag Ym Sagoz the Greedy
  6917 | D:5      | Reached skill level 3 in Fighting
  6917 | D:5      | Reached skill level 3 in Short Blades
  6917 | D:5      | Reached skill level 3 in Long Blades
  6917 | D:5      | Reached skill level 3 in Axes
  6917 | D:5      | Reached skill level 3 in Maces & Flails
  6917 | D:5      | Reached skill level 3 in Polearms
  6917 | D:5      | Reached skill level 3 in Staves
  6917 | D:5      | Reached skill level 3 in Slings
  6917 | D:5      | Reached skill level 3 in Bows
  6917 | D:5      | Reached skill level 3 in Crossbows
  6917 | D:5      | Reached skill level 3 in Throwing
  6917 | D:5      | Reached skill level 3 in Armour
  6917 | D:5      | Reached skill level 3 in Shields
  6917 | D:5      | Reached skill level 3 in Unarmed Combat
  6917 | D:5      | Reached skill level 3 in Evocations
  7879 | D:6      | Found a radiant altar of Vehumet.
  8016 | D:6      | Found a shattered altar of Ashenzari.
  8366 | D:6      | Reached skill level 8 in Spellcasting
  8400 | D:6      | Found a sparkling altar of Nemelex Xobeh.
  8963 | D:6      | Reached skill level 3 in Hexes
  8963 | D:6      | Reached skill level 3 in Charms
  8963 | D:6      | Reached skill level 3 in Necromancy
  8963 | D:6      | Reached skill level 3 in Transmutations
  8963 | D:6      | Reached skill level 3 in Fire Magic
  8963 | D:6      | Reached skill level 3 in Ice Magic
  8963 | D:6      | Reached skill level 3 in Air Magic
  8963 | D:6      | Reached skill level 3 in Earth Magic
  8963 | D:6      | Reached skill level 3 in Poison Magic
  8963 | D:6      | Reached skill level 4 in Invocations
  9091 | D:6      | Reached skill level 6 in Dodging
  9091 | D:6      | Reached XP level 9. HP: 65/65 MP: 11/21
  9189 | D:7      | Found a shattered altar of Ashenzari.
  9507 | D:7      | Reached skill level 4 in Fighting
  9507 | D:7      | Reached skill level 4 in Short Blades
  9507 | D:7      | Reached skill level 4 in Long Blades
  9507 | D:7      | Reached skill level 4 in Axes
  9507 | D:7      | Reached skill level 4 in Maces & Flails
  9507 | D:7      | Reached skill level 4 in Polearms
  9507 | D:7      | Reached skill level 4 in Staves
  9507 | D:7      | Reached skill level 4 in Slings
  9507 | D:7      | Reached skill level 4 in Bows
  9507 | D:7      | Reached skill level 4 in Crossbows
  9507 | D:7      | Reached skill level 4 in Throwing
  9507 | D:7      | Reached skill level 4 in Armour
  9507 | D:7      | Reached skill level 4 in Shields
  9507 | D:7      | Reached skill level 4 in Unarmed Combat
  9507 | D:7      | Reached skill level 4 in Conjurations
  9507 | D:7      | Reached skill level 4 in Summonings
  9507 | D:7      | Reached skill level 4 in Translocations
  9507 | D:7      | Reached skill level 4 in Evocations
  9600 | D:7      | Found a glowing silver altar of Zin.
  9638 | D:7      | Learned a level 3 spell: Regeneration
  9755 | D:7      | Found a basalt altar of Yredelemnul.
  9773 | D:7      | Found a white marble altar of Elyvilon.
  9837 | D:7      | Found a glowing golden altar of the Shining One.
  9895 | D:7      | Found an ancient bone altar of Kikubaaqudgha.
  9944 | D:7      | Reached skill level 6 in Stealth
 10039 | D:7      | Noticed an angel
 10404 | D:8      | Noticed Harold
 10445 | D:8      | Killed Harold
 10445 | D:8      | Reached skill level 5 in Invocations
 10445 | D:8      | Reached XP level 10. HP: 63/73 MP: 10/22
 10706 | D:8      | Reached skill level 4 in Hexes
 10706 | D:8      | Reached skill level 4 in Charms
 10706 | D:8      | Reached skill level 4 in Necromancy
 10706 | D:8      | Reached skill level 4 in Transmutations
 10706 | D:8      | Reached skill level 4 in Fire Magic
 10706 | D:8      | Reached skill level 4 in Ice Magic
 10706 | D:8      | Reached skill level 4 in Air Magic
 10706 | D:8      | Reached skill level 4 in Earth Magic
 10706 | D:8      | Reached skill level 4 in Poison Magic
 10878 | D:8      | Found a burning altar of Makhleb.
 10878 | D:8      | Noticed a balrug
 11042 | D:9      | Reached skill level 5 in Fighting
 11042 | D:9      | Reached skill level 5 in Short Blades
 11042 | D:9      | Reached skill level 5 in Long Blades
 11042 | D:9      | Reached skill level 5 in Axes
 11042 | D:9      | Reached skill level 5 in Maces & Flails
 11042 | D:9      | Reached skill level 5 in Polearms
 11042 | D:9      | Reached skill level 5 in Staves
 11042 | D:9      | Reached skill level 5 in Slings
 11042 | D:9      | Reached skill level 5 in Bows
 11042 | D:9      | Reached skill level 5 in Crossbows
 11042 | D:9      | Reached skill level 5 in Throwing
 11042 | D:9      | Reached skill level 5 in Armour
 11042 | D:9      | Reached skill level 5 in Shields
 11042 | D:9      | Reached skill level 5 in Unarmed Combat
 11042 | D:9      | Reached skill level 5 in Evocations
 11427 | D:9      | Found a staircase to the Lair.
 11435 | D:9      | Learned a level 3 spell: Confuse
 11494 | D:9      | Reached skill level 7 in Dodging
 11700 | D:9      | Identified the ring of Xom's Entertainment {+Fly MP+9
                  | Slay+2}
 11789 | D:9      | Reached skill level 9 in Spellcasting
 11884 | D:9      | Identified the cursed +1 whip of Exoneration {drain, Int+3}
 12018 | D:9      | Reached skill level 5 in Conjurations
 12018 | D:9      | Reached skill level 5 in Summonings
 12018 | D:9      | Reached skill level 5 in Translocations
 12075 | D:9      | Reached skill level 6 in Invocations
 12146 | D:9      | Reached skill level 7 in Stealth
 12293 | D:9      | Noticed a kobold demonologist
 12304 | D:9      | Killed a kobold demonologist
 12409 | D:10     | Entered Level 10 of the Dungeon
 12587 | D:10     | Reached XP level 11. HP: 80/81 MP: 24/24
 13501 | D:10     | Found a roughly hewn altar of Beogh.
 13964 | D:4      | Killed Menkaure
 13964 | D:4      | Reached skill level 6 in Fighting
 13964 | D:4      | Reached skill level 6 in Short Blades
 13964 | D:4      | Reached skill level 6 in Long Blades
 13964 | D:4      | Reached skill level 6 in Axes
 13964 | D:4      | Reached skill level 6 in Maces & Flails
 13964 | D:4      | Reached skill level 6 in Polearms
 13964 | D:4      | Reached skill level 6 in Staves
 13964 | D:4      | Reached skill level 6 in Slings
 13964 | D:4      | Reached skill level 6 in Bows
 13964 | D:4      | Reached skill level 6 in Crossbows
 13964 | D:4      | Reached skill level 6 in Throwing
 13964 | D:4      | Reached skill level 6 in Armour
 13964 | D:4      | Reached skill level 6 in Shields
 13964 | D:4      | Reached skill level 6 in Unarmed Combat
 13964 | D:4      | Reached skill level 6 in Evocations
 14184 | D:4      | Found a stormy altar of Qazlal.
 14741 | D:9      | Bought a +1 ring mail of poison resistance for 221 gold
                  | pieces
 14753 | D:9      | Learned a level 1 spell: Confusing Touch
 14755 | D:9      | Learned a level 1 spell: Apportation
 14757 | Lair:1   | Entered Level 1 of the Lair of Beasts
 14811 | D:9      | Reached skill level 5 in Hexes
 14811 | D:9      | Reached skill level 5 in Charms
 14811 | D:9      | Reached skill level 5 in Necromancy
 14811 | D:9      | Reached skill level 5 in Transmutations
 14811 | D:9      | Reached skill level 5 in Fire Magic
 14811 | D:9      | Reached skill level 5 in Ice Magic
 14811 | D:9      | Reached skill level 5 in Air Magic
 14811 | D:9      | Reached skill level 5 in Earth Magic
 14811 | D:9      | Reached skill level 5 in Poison Magic
 14893 | Lair:1   | Noticed an eight-headed hydra
 14904 | Lair:1   | HP: 1/81 [eight-headed hydra (7)]
 14908 | Lair:1   | Killed an eight-headed hydra
 15680 | Lair:1   | Found a runed translucent door.
 15684 | Lair:1   | Noticed pustota's ghost (novice MiFi)
 15684 | Lair:1   | Identified the cursed +1 spear "Xyho Dos" {elec, Fragile
                  | rPois rC+}
 15759 | Lair:1   | Reached skill level 7 in Invocations
 15805 | Lair:1   | Reached skill level 8 in Dodging
 16498 | Lair:1   | Learned a level 5 spell: Lightning Bolt
 16533 | Lair:2   | Upgraded the game from 0.23-b1-59-g586d0d887c to
                  | 0.23-b1-67-g8bd44de8e4
 16826 | Lair:2   | Reached skill level 6 in Conjurations
 16826 | Lair:2   | Reached skill level 6 in Summonings
 16826 | Lair:2   | Reached skill level 6 in Translocations
 16832 | Lair:2   | Reached skill level 8 in Stealth
 16836 | Lair:2   | Reached XP level 12. HP: 87/89 MP: 25/25
 17314 | Lair:2   | Identified a scroll of acquirement
 17698 | D:9      | Bought the +2 pair of boots of the Assassin {Detection
                  | Stab+ Stlth++} for 1020 gold pieces
 17698 | D:9      | Found the +2 pair of boots of the Assassin {Detection Stab+
                  | Stlth++}
 17742 | Lair:3   | Noticed a six-headed hydra
 17760 | Lair:3   | Reached skill level 10 in Spellcasting
 17956 | Lair:2   | Reached skill level 7 in Fighting
 17956 | Lair:2   | Reached skill level 7 in Short Blades
 17956 | Lair:2   | Reached skill level 7 in Long Blades
 17956 | Lair:2   | Reached skill level 7 in Axes
 17956 | Lair:2   | Reached skill level 7 in Maces & Flails
 17956 | Lair:2   | Reached skill level 7 in Polearms
 17956 | Lair:2   | Reached skill level 7 in Staves
 17956 | Lair:2   | Reached skill level 7 in Slings
 17956 | Lair:2   | Reached skill level 7 in Bows
 17956 | Lair:2   | Reached skill level 7 in Crossbows
 17956 | Lair:2   | Reached skill level 7 in Throwing
 17956 | Lair:2   | Reached skill level 7 in Armour
 17956 | Lair:2   | Reached skill level 7 in Shields
 17956 | Lair:2   | Reached skill level 7 in Unarmed Combat
 17956 | Lair:2   | Reached skill level 7 in Evocations
 18069 | Lair:3   | Found a gate leading to a gauntlet.
 18195 | Lair:3   | Bought a blackened ring mail for 315 gold pieces
 18195 | Lair:3   | Identified the +3 ring mail of Fupaf {Int+2} (You bought it
                  | in a shop on level 3 of the Lair of Beasts)
 18286 | Lair:3   | Killed a six-headed hydra
 18445 | Lair:3   | Found a staircase to the Snake Pit.
 18467 | Lair:3   | Noticed Nergalle
 18636 | Lair:3   | Reached skill level 6 in Hexes
 18636 | Lair:3   | Reached skill level 6 in Charms
 18636 | Lair:3   | Reached skill level 6 in Necromancy
 18636 | Lair:3   | Reached skill level 6 in Transmutations
 18636 | Lair:3   | Reached skill level 6 in Fire Magic
 18636 | Lair:3   | Reached skill level 6 in Ice Magic
 18636 | Lair:3   | Reached skill level 6 in Air Magic
 18636 | Lair:3   | Reached skill level 6 in Earth Magic
 18636 | Lair:3   | Reached skill level 6 in Poison Magic
 18881 | Lair:3   | Reached skill level 8 in Invocations
 18982 | Lair:3   | Noticed Rupert
 19560 | Lair:3   | Noticed Gastronok
 19741 | Lair:3   | Killed Gastronok
 19888 | Lair:4   | Noticed Vufrucs's ghost (journeyman DrTm)
 19889 | Lair:4   | Found a runed translucent gate.
 19889 | Lair:4   | Found a runed translucent gate.
 19889 | Lair:4   | Found a runed translucent gate.
 20074 | Lair:4   | Reached skill level 9 in Dodging
 20210 | Lair:4   | Found a staircase to the Swamp.
 20318 | Lair:4   | Reached XP level 13. HP: 98/98 MP: 27/27
 20525 | Lair:4   | Reached skill level 9 in Stealth
 21021 | Lair:4   | Bought a runed blowgun for 121 gold pieces
 21021 | Lair:4   | Bought a runed blowgun for 121 gold pieces
 21033 | Lair:4   | Bought a runed scimitar for 154 gold pieces
 21038 | Lair:4   | Bought a dazzling rapier for 198 gold pieces
 21038 | Lair:4   | Identified the cursed +0 rapier "Saemasem" {protect, Str+2}
                  | (You bought it in a shop on level 4 of the Lair of Beasts)
 21039 | Lair:4   | Bought a shimmering rapier for 198 gold pieces
 21039 | Lair:4   | Identified the +11 rapier "Tafeth Failu" {pierce, rN+
                  | Str+3} (You bought it in a shop on level 4 of the Lair of
                  | Beasts)
 21202 | Lair:5   | Reached skill level 7 in Conjurations
 21202 | Lair:5   | Reached skill level 7 in Summonings
 21202 | Lair:5   | Reached skill level 7 in Translocations
 21318 | Lair:5   | Reached skill level 8 in Fighting
 21318 | Lair:5   | Reached skill level 8 in Short Blades
 21318 | Lair:5   | Reached skill level 8 in Long Blades
 21318 | Lair:5   | Reached skill level 8 in Axes
 21318 | Lair:5   | Reached skill level 8 in Maces & Flails
 21318 | Lair:5   | Reached skill level 8 in Polearms
 21318 | Lair:5   | Reached skill level 8 in Staves
 21318 | Lair:5   | Reached skill level 8 in Slings
 21318 | Lair:5   | Reached skill level 8 in Bows
 21318 | Lair:5   | Reached skill level 8 in Crossbows
 21318 | Lair:5   | Reached skill level 8 in Throwing
 21318 | Lair:5   | Reached skill level 8 in Armour
 21318 | Lair:5   | Reached skill level 8 in Shields
 21318 | Lair:5   | Reached skill level 8 in Unarmed Combat
 21318 | Lair:5   | Reached skill level 8 in Evocations
 22090 | Lair:6   | Entered Level 6 of the Lair of Beasts
 22174 | Lair:6   | Reached skill level 9 in Invocations
 22472 | Lair:6   | Reached skill level 7 in Hexes
 22472 | Lair:6   | Reached skill level 7 in Charms
 22472 | Lair:6   | Reached skill level 7 in Necromancy
 22472 | Lair:6   | Reached skill level 7 in Transmutations
 22472 | Lair:6   | Reached skill level 7 in Fire Magic
 22472 | Lair:6   | Reached skill level 7 in Ice Magic
 22472 | Lair:6   | Reached skill level 7 in Air Magic
 22472 | Lair:6   | Reached skill level 7 in Earth Magic
 22472 | Lair:6   | Reached skill level 7 in Poison Magic
 22666 | Lair:6   | Reached skill level 11 in Spellcasting
 22930 | Lair:6   | Reached XP level 14. HP: 71/106 MP: 23/29
 23068 | Lair:6   | Found a staircase to the Slime Pits.
 23485 | Lair:6   | Reached skill level 10 in Dodging
 23816 | Lair:6   | Learned a level 2 spell: Passwall
 23821 | Lair:6   | Learned a level 4 spell: Passage of Golubria
 24218 | Lair:6   | Reached skill level 9 in Fighting
 24218 | Lair:6   | Reached skill level 9 in Short Blades
 24218 | Lair:6   | Reached skill level 9 in Long Blades
 24218 | Lair:6   | Reached skill level 9 in Axes
 24218 | Lair:6   | Reached skill level 9 in Maces & Flails
 24218 | Lair:6   | Reached skill level 9 in Polearms
 24218 | Lair:6   | Reached skill level 9 in Staves
 24218 | Lair:6   | Reached skill level 9 in Slings
 24218 | Lair:6   | Reached skill level 9 in Bows
 24218 | Lair:6   | Reached skill level 9 in Crossbows
 24218 | Lair:6   | Reached skill level 9 in Throwing
 24218 | Lair:6   | Reached skill level 9 in Armour
 24218 | Lair:6   | Reached skill level 9 in Shields
 24218 | Lair:6   | Reached skill level 9 in Unarmed Combat
 24218 | Lair:6   | Reached skill level 9 in Evocations
 24745 | Lair:1   | Killed pustota's ghost
 24992 | Lair:4   | Killed Vufrucs's ghost
 24992 | Lair:4   | Reached skill level 10 in Stealth
 25226 | D:9      | Bought an uncursed ring of poison resistance for 260 gold
                  | pieces
 25226 | D:9      | Bought the amulet "Koruydol" {Acrobat Dex+5} for 617 gold
                  | pieces
 25445 | D:11     | Noticed Josephine
 25510 | D:11     | Killed Josephine
 25510 | D:11     | Reached skill level 8 in Conjurations
 25510 | D:11     | Reached skill level 8 in Summonings
 25510 | D:11     | Reached skill level 8 in Translocations
 25708 | D:11     | Learned a level 4 spell: Cause Fear
 25794 | D:11     | Reached skill level 10 in Invocations
 26057 | D:11     | Found a staircase to the Orcish Mines.
 26424 | D:12     | Noticed Psyche
 26427 | D:12     | Noticed Fannar
 26704 | D:12     | Killed Psyche
 26735 | D:12     | Killed Fannar
 27140 | D:9      | Bought the +5 ring mail "Lougrag" {Stlth+} for 659 gold
                  | pieces
 27371 | D:12     | Noticed Snorg
 27387 | D:12     | Killed Snorg
 27834 | Orc:1    | Entered Level 1 of the Orcish Mines
 27857 | Orc:1    | Reached skill level 8 in Hexes
 27857 | Orc:1    | Reached skill level 8 in Charms
 27857 | Orc:1    | Reached skill level 8 in Necromancy
 27857 | Orc:1    | Reached skill level 8 in Transmutations
 27857 | Orc:1    | Reached skill level 8 in Fire Magic
 27857 | Orc:1    | Reached skill level 8 in Ice Magic
 27857 | Orc:1    | Reached skill level 8 in Air Magic
 27857 | Orc:1    | Reached skill level 8 in Earth Magic
 27857 | Orc:1    | Reached skill level 8 in Poison Magic
 27912 | Orc:1    | Reached XP level 15. HP: 114/114 MP: 30/30
 28124 | Orc:1    | Found a frozen archway.
 28191 | IceCv    | Entered an ice cave
 28192 | IceCv    | Found a transporter.
 28263 | IceCv    | Found a transporter.
 28921 | Orc:2    | Entered Level 2 of the Orcish Mines
 29737 | Orc:2    | Found Hamadub's Magic Scroll Shoppe.
 29737 | Orc:2    | Found Hosead's Jewellery Shop.
 29744 | Orc:2    | Bought a scroll of teleportation for 39 gold pieces
 29744 | Orc:2    | Bought a scroll of fog for 26 gold pieces
 29799 | Orc:2    | Found a roughly hewn altar of Beogh.
 30123 | Orc:2    | Found Eduli's Antique Armour Shoppe.
 30123 | Orc:2    | Found Lurphajue's Gadget Shop.
 30155 | Orc:2    | Bought a pair of translucent boots for 247 gold pieces
 30185 | Orc:2    | Bought a scroll of identify for 26 gold pieces
 30185 | Orc:2    | Bought a scroll of identify for 26 gold pieces
 30185 | Orc:2    | Bought a scroll of amnesia for 45 gold pieces
 30185 | Orc:2    | Bought a scroll of amnesia for 45 gold pieces
 30185 | Orc:2    | Bought a scroll of identify for 26 gold pieces
 30218 | Orc:2    | Identified the cursed +0 pair of boots "Cecray" {MR- Str+5}
                  | (You bought it in a shop on level 2 of the Orcish Mines)
 30254 | Orc:2    | Bought an uncursed ring of protection from magic for 350
                  | gold pieces
 30268 | Orc:2    | Bought an uncursed ring of protection from cold for 350
                  | gold pieces
 30329 | Orc:2    | Found a staircase to the Elven Halls.
 30360 | Orc:2    | Found a bloodstained altar of Trog.
 30688 | D:13     | Reached skill level 12 in Spellcasting
 30793 | D:13     | Reached skill level 10 in Fighting
 30793 | D:13     | Reached skill level 10 in Short Blades
 30793 | D:13     | Reached skill level 10 in Long Blades
 30793 | D:13     | Reached skill level 10 in Axes
 30793 | D:13     | Reached skill level 10 in Maces & Flails
 30793 | D:13     | Reached skill level 10 in Polearms
 30793 | D:13     | Reached skill level 10 in Staves
 30793 | D:13     | Reached skill level 10 in Slings
 30793 | D:13     | Reached skill level 10 in Bows
 30793 | D:13     | Reached skill level 10 in Crossbows
 30793 | D:13     | Reached skill level 10 in Throwing
 30793 | D:13     | Reached skill level 10 in Armour
 30793 | D:13     | Reached skill level 10 in Shields
 30793 | D:13     | Reached skill level 10 in Unarmed Combat
 30793 | D:13     | Reached skill level 10 in Evocations
 30855 | D:13     | Learned a level 5 spell: Metabolic Englaciation
 30921 | D:13     | Found a roughly hewn altar of Beogh.
 31790 | D:14     | Noticed Kirke
 31802 | D:14     | Killed Kirke
 31802 | D:14     | Reached skill level 11 in Dodging
 31991 | D:14     | Noticed Louise
 32008 | D:14     | Killed Louise
 32015 | D:14     | Reached skill level 11 in Invocations
 32095 | D:14     | Reached skill level 11 in Stealth
 32296 | D:14     | Reached skill level 9 in Conjurations
 32296 | D:14     | Reached skill level 9 in Summonings
 32296 | D:14     | Reached skill level 9 in Translocations
 32394 | D:14     | Found a gate to the Vaults.
 32703 | D:14     | Found Ovisithra's Magic Scroll Boutique.
 32706 | D:14     | Bought a scroll of blinking for 135 gold pieces
 32706 | D:14     | Bought a scroll of magic mapping for 63 gold pieces
 32788 | D:14     | Bought a scroll of enchant weapon for 135 gold pieces
 33499 | D:15     | Entered Level 15 of the Dungeon
 33573 | D:15     | Reached XP level 16. HP: 122/122 MP: 32/32
 33926 | D:15     | Noticed a tengu reaver
 33983 | D:15     | Found a staircase to the Depths.
 34718 | Swamp:1  | Entered Level 1 of the Swamp
 34832 | Swamp:1  | Reached skill level 9 in Hexes
 34832 | Swamp:1  | Reached skill level 9 in Charms
 34832 | Swamp:1  | Reached skill level 9 in Necromancy
 34832 | Swamp:1  | Reached skill level 9 in Transmutations
 34832 | Swamp:1  | Reached skill level 9 in Fire Magic
 34832 | Swamp:1  | Reached skill level 9 in Ice Magic
 34832 | Swamp:1  | Reached skill level 9 in Air Magic
 34832 | Swamp:1  | Reached skill level 9 in Earth Magic
 34832 | Swamp:1  | Reached skill level 9 in Poison Magic
 34839 | Swamp:1  | Found a transporter.
 34842 | Swamp:1  | Found a transporter.
 36382 | Swamp:3  | Noticed a thorn hunter
 36436 | Swamp:3  | Killed a thorn hunter
 36809 | Swamp:3  | Noticed Nikola
 36810 | Swamp:3  | P0WERM0DE: oO
 37007 | Swamp:3  | Killed Nikola
 37007 | Swamp:3  | Reached skill level 11 in Fighting
 37007 | Swamp:3  | Reached skill level 11 in Short Blades
 37007 | Swamp:3  | Reached skill level 11 in Long Blades
 37007 | Swamp:3  | Reached skill level 11 in Axes
 37007 | Swamp:3  | Reached skill level 11 in Maces & Flails
 37007 | Swamp:3  | Reached skill level 11 in Polearms
 37007 | Swamp:3  | Reached skill level 11 in Staves
 37007 | Swamp:3  | Reached skill level 11 in Slings
 37007 | Swamp:3  | Reached skill level 11 in Bows
 37007 | Swamp:3  | Reached skill level 11 in Crossbows
 37007 | Swamp:3  | Reached skill level 11 in Throwing
 37007 | Swamp:3  | Reached skill level 11 in Armour
 37007 | Swamp:3  | Reached skill level 11 in Shields
 37007 | Swamp:3  | Reached skill level 11 in Unarmed Combat
 37007 | Swamp:3  | Reached skill level 11 in Evocations
 37306 | Swamp:3  | Noticed a thorn hunter
 37315 | Swamp:3  | Kagerou: Got boots of the assassin btw.
 37315 | Swamp:3  | P0WERM0DE: killah
 37315 | Swamp:3  | Kagerou: Stabbing with reaching PogChamp
 37326 | Swamp:3  | Killed a thorn hunter
 37326 | Swamp:3  | Reached XP level 17. HP: 124/131 MP: 33/33
 37491 | Swamp:3  | Bought a scroll of vulnerability for 142 gold pieces
 37491 | Swamp:3  | Bought 4 curare-tipped needles for 45 gold pieces
 37498 | Swamp:4  | Entered Level 4 of the Swamp
 37617 | Swamp:4  | Reached skill level 12 in Invocations
 37632 | Swamp:4  | Got a decaying rune of Zot
 37829 | Swamp:4  | Identified the cursed +1 scale mail of the Shoals {rN+
                  | Int+6} (You found it on level 4 of the Swamp)
 37883 | Swamp:4  | Reached skill level 12 in Dodging
 38095 | Swamp:4  | Reached skill level 13 in Spellcasting
 38406 | Swamp:4  | Identified the +4 plate armour of Sorcery {Slay+3} (You
                  | found it on level 4 of the Swamp)
 38830 | Lair:3   | Killed Nergalle
 38850 | Lair:3   | Learned a level 1 spell: Summon Butterflies
 38858 | Lair:3   | Learned a level 5 spell: Bolt of Magma
 38859 | Snake:1  | Entered Level 1 of the Snake Pit
 39019 | Lair:3   | Bought the ring of the Mage {Wiz MR++ Int+3} for 775 gold
                  | pieces
 39019 | Lair:3   | Found the ring of the Mage {Wiz MR++ Int+3}
 39030 | Lair:3   | Learned a level 6 spell: Freezing Cloud
 39052 | Snake:1  | Reached skill level 12 in Stealth
 39282 | Snake:1  | Reached skill level 10 in Conjurations
 39282 | Snake:1  | Reached skill level 10 in Summonings
 39282 | Snake:1  | Reached skill level 10 in Translocations
 39743 | Snake:1  | Found Elinor's Armour Shop.
 39747 | Snake:1  | Found Goclekug's Book Boutique.
 39748 | Snake:1  | Found Sakh's Weapon Shop.
 40342 | Snake:2  | Learned a level 6 spell: Invisibility
 40348 | Snake:2  | Noticed Saint Roka
 40378 | Snake:2  | Reached skill level 10 in Hexes
 40378 | Snake:2  | Reached skill level 10 in Charms
 40378 | Snake:2  | Reached skill level 10 in Necromancy
 40378 | Snake:2  | Reached skill level 10 in Transmutations
 40378 | Snake:2  | Reached skill level 10 in Fire Magic
 40378 | Snake:2  | Reached skill level 10 in Ice Magic
 40378 | Snake:2  | Reached skill level 10 in Air Magic
 40378 | Snake:2  | Reached skill level 10 in Earth Magic
 40378 | Snake:2  | Reached skill level 10 in Poison Magic
 40412 | Snake:2  | Reached XP level 18. HP: 122/139 MP: 35/35
 40466 | Snake:2  | Killed Saint Roka
 40660 | Snake:2  | Noticed Vashnia
 40829 | Snake:2  | Killed Vashnia
 41214 | Snake:3  | Reached skill level 12 in Fighting
 41214 | Snake:3  | Reached skill level 12 in Short Blades
 41214 | Snake:3  | Reached skill level 12 in Long Blades
 41214 | Snake:3  | Reached skill level 12 in Axes
 41214 | Snake:3  | Reached skill level 12 in Maces & Flails
 41214 | Snake:3  | Reached skill level 12 in Polearms
 41214 | Snake:3  | Reached skill level 12 in Staves
 41214 | Snake:3  | Reached skill level 12 in Slings
 41214 | Snake:3  | Reached skill level 12 in Bows
 41214 | Snake:3  | Reached skill level 12 in Crossbows
 41214 | Snake:3  | Reached skill level 12 in Throwing
 41214 | Snake:3  | Reached skill level 12 in Armour
 41214 | Snake:3  | Reached skill level 12 in Shields
 41214 | Snake:3  | Reached skill level 12 in Unarmed Combat
 41214 | Snake:3  | Reached skill level 12 in Evocations
 41373 | Snake:3  | Reached skill level 13 in Invocations
 42115 | Snake:4  | Entered Level 4 of the Snake Pit
 42516 | Snake:4  | Bought a book of Enchantments for 800 gold pieces
 42523 | Snake:4  | Learned a level 6 spell: Deflect Missiles
 42637 | Snake:4  | Reached skill level 13 in Dodging
 43043 | Snake:4  | Reached XP level 19. HP: 147/147 MP: 36/36
 43110 | Snake:4  | Reached skill level 13 in Stealth
 43225 | Snake:4  | Reached skill level 14 in Spellcasting
 43911 | Snake:4  | Reached skill level 11 in Conjurations
 43911 | Snake:4  | Reached skill level 11 in Summonings
 43911 | Snake:4  | Reached skill level 11 in Translocations
 44060 | Snake:4  | Got a serpentine rune of Zot
 44633 | Lair:3   | Killed Rupert
 45186 | D:14     | Reached skill level 11 in Hexes
 45186 | D:14     | Reached skill level 11 in Charms
 45186 | D:14     | Reached skill level 11 in Necromancy
 45186 | D:14     | Reached skill level 11 in Transmutations
 45186 | D:14     | Reached skill level 11 in Fire Magic
 45186 | D:14     | Reached skill level 11 in Ice Magic
 45186 | D:14     | Reached skill level 11 in Air Magic
 45186 | D:14     | Reached skill level 11 in Earth Magic
 45186 | D:14     | Reached skill level 11 in Poison Magic
 45276 | D:14     | Identified the ring "Bijuudi" {Ice MR- Int+7 Dex-3 Stlth+}
                  | (You found it on level 14 of the Dungeon)
 45499 | Vaults:1 | Entered Level 1 of the Vaults
 45745 | Vaults:1 | Found a magical portal.
 45754 | WizLab   | Entered Cigotuvi's Fleshworks
 45916 | WizLab   | Reached XP level 20. HP: 155/155 MP: 38/38
 46105 | WizLab   | Paralysed by a floating eye for 4 turns
 46126 | WizLab   | Reached skill level 14 in Invocations
 46142 | WizLab   | Found the -2 hat of the Alchemist {rElec rPois rF+ rC+ rN+
                  | MR+ rMut rCorr}
 46198 | WizLab   | Paralysed by a floating eye for 4 turns
 46205 | WizLab   | Reached skill level 13 in Fighting
 46205 | WizLab   | Reached skill level 13 in Short Blades
 46205 | WizLab   | Reached skill level 13 in Long Blades
 46205 | WizLab   | Reached skill level 13 in Axes
 46205 | WizLab   | Reached skill level 13 in Maces & Flails
 46205 | WizLab   | Reached skill level 13 in Polearms
 46205 | WizLab   | Reached skill level 13 in Staves
 46205 | WizLab   | Reached skill level 13 in Slings
 46205 | WizLab   | Reached skill level 13 in Bows
 46205 | WizLab   | Reached skill level 13 in Crossbows
 46205 | WizLab   | Reached skill level 13 in Throwing
 46205 | WizLab   | Reached skill level 13 in Armour
 46205 | WizLab   | Reached skill level 13 in Shields
 46205 | WizLab   | Reached skill level 13 in Unarmed Combat
 46205 | WizLab   | Reached skill level 13 in Evocations
 46264 | WizLab   | Learned a level 4 spell: Airstrike
 46509 | WizLab   | Identified Hofiagguono's Handbook of Transformation
 46511 | WizLab   | Identified Cigotuvi's Grimoire of Dark Changing
 46514 | WizLab   | Identified the Guide on Shape Shifting
 46819 | Vaults:1 | Noticed a lich
 47253 | Vaults:1 | Identified the +5 leather armour of Vienlel {rN+} (You
                  | found it on level 1 of the Vaults)
 49101 | Vaults:2 | Reached skill level 14 in Dodging
 49573 | Lair:3   | Bought shiny fire dragon scales for 2205 gold pieces
 49813 | Swamp:1  | Identified the +2 leather armour of Tenacity {Str-5 Dex+6
                  | Stlth+} (You found it on level 1 of the Swamp)
 50386 | Vaults:3 | Reached skill level 14 in Stealth
 50595 | Vaults:3 | Found a runed translucent gate.
 50595 | Vaults:3 | Found a runed translucent gate.
 50596 | Vaults:3 | Found a runed translucent gate.
 50599 | Vaults:3 | Noticed quaternion's ghost (veteran MiFi)
 50702 | Vaults:3 | Found a staircase to the Crypt.
 50802 | Vaults:3 | Reached XP level 21. HP: 163/163 MP: 39/39
 51298 | Vaults:3 | Reached skill level 15 in Spellcasting
 51500 | Vaults:3 | Found Tyuniz's General Store.
 51591 | Vaults:3 | Bought a scroll of blinking for 112 gold pieces
 51877 | Vaults:4 | Reached skill level 12 in Conjurations
 51877 | Vaults:4 | Reached skill level 12 in Summonings
 51877 | Vaults:4 | Reached skill level 12 in Translocations
 51996 | Vaults:4 | Found Qiofav's Gadget Shoppe.
 52038 | Vaults:4 | Bought a wand of paralysis (8) for 110 gold pieces
 52646 | Vaults:4 | Reached skill level 15 in Invocations
 52657 | Vaults:4 | Reached skill level 12 in Hexes
 52657 | Vaults:4 | Reached skill level 12 in Charms
 52657 | Vaults:4 | Reached skill level 12 in Necromancy
 52657 | Vaults:4 | Reached skill level 12 in Transmutations
 52657 | Vaults:4 | Reached skill level 12 in Fire Magic
 52657 | Vaults:4 | Reached skill level 12 in Ice Magic
 52657 | Vaults:4 | Reached skill level 12 in Air Magic
 52657 | Vaults:4 | Reached skill level 12 in Earth Magic
 52657 | Vaults:4 | Reached skill level 12 in Poison Magic
 52963 | Vaults:4 | Reached skill level 14 in Fighting
 52963 | Vaults:4 | Reached skill level 14 in Short Blades
 52963 | Vaults:4 | Reached skill level 14 in Long Blades
 52963 | Vaults:4 | Reached skill level 14 in Axes
 52963 | Vaults:4 | Reached skill level 14 in Maces & Flails
 52963 | Vaults:4 | Reached skill level 14 in Polearms
 52963 | Vaults:4 | Reached skill level 14 in Staves
 52963 | Vaults:4 | Reached skill level 14 in Slings
 52963 | Vaults:4 | Reached skill level 14 in Bows
 52963 | Vaults:4 | Reached skill level 14 in Crossbows
 52963 | Vaults:4 | Reached skill level 14 in Throwing
 52963 | Vaults:4 | Reached skill level 14 in Armour
 52963 | Vaults:4 | Reached skill level 14 in Shields
 52963 | Vaults:4 | Reached skill level 14 in Unarmed Combat
 52963 | Vaults:4 | Reached skill level 14 in Evocations
 53592 | Lair:3   | Bought the ring of Muocrabi {rF+ Str+4 Dex+2 SInv} for 624
                  | gold pieces
 53822 | Elf:1    | Entered Level 1 of the Elven Halls
 54100 | Elf:1    | Identified the Reference Book on Stolen Souls
 54629 | Elf:2    | Reached XP level 22. HP: 172/172 MP: 37/41
 55066 | Elf:2    | Found a runed translucent door.
 55107 | Elf:2    | Found a runed translucent door.
 56018 | Elf:3    | Entered Level 3 of the Elven Halls
 56726 | Elf:3    | Reached skill level 15 in Dodging
 56984 | Elf:3    | Reached skill level 15 in Stealth
 57208 | Elf:3    | Identified the +5 war axe "Yjumm" {chop, rPois Str+2}
 57623 | Elf:3    | Identified the +11 falchion of a Labyrinth {speed, *Slow
                  | rF+++ MR++ Str+3 Dex-4}
 57668 | Elf:3    | Identified the Incunabulum of Glacial Talismans
 57715 | Elf:3    | Identified Vimo's Collected Works on Frigorific Stones
 57749 | Elf:3    | Identified the Papyrus of Unholy Cold
 57751 | Elf:3    | Identified the Handbook of Necromancy and Enchantment
 57772 | Elf:3    | Identified the +3 helmet of Eniv {*Slow +Fly rPois Dex+4}
                  | (You found it on level 3 of the Elven Halls)
 57892 | Elf:3    | Identified the cursed +1 hand crossbow "Killer Bee's Peril"
                  | {flame, Dex+3} (You found it on level 3 of the Elven Halls)
 58834 | D:15     | Bought a pair of embroidered gloves for 352 gold pieces
 58851 | Depths:1 | Entered Level 1 of the Depths
 59132 | Depths:1 | Found a one-way gate to the infinite horrors of the Abyss.
 59191 | Depths:1 | Reached XP level 23. HP: 179/179 MP: 42/42
 59330 | Depths:1 | Found a gateway to Hell.
 59390 | Depths:1 | Noticed a caustic shrike
 59409 | Depths:1 | Killed a caustic shrike
 59409 | Depths:1 | Reached skill level 16 in Spellcasting
 59515 | Depths:1 | Reached skill level 16 in Invocations
 59607 | Depths:1 | Reached skill level 13 in Conjurations
 59607 | Depths:1 | Reached skill level 13 in Summonings
 59607 | Depths:1 | Reached skill level 13 in Translocations
 59747 | Depths:1 | Identified the ring "Qeahukh" {rN+ Str+3}
 59780 | Depths:1 | Identified the ring "Mafoq" {rC+ Slay+3}
 60315 | Depths:2 | Reached skill level 15 in Fighting
 60315 | Depths:2 | Reached skill level 15 in Short Blades
 60315 | Depths:2 | Reached skill level 15 in Long Blades
 60315 | Depths:2 | Reached skill level 15 in Axes
 60315 | Depths:2 | Reached skill level 15 in Maces & Flails
 60315 | Depths:2 | Reached skill level 15 in Polearms
 60315 | Depths:2 | Reached skill level 15 in Staves
 60315 | Depths:2 | Reached skill level 15 in Slings
 60315 | Depths:2 | Reached skill level 15 in Bows
 60315 | Depths:2 | Reached skill level 15 in Crossbows
 60315 | Depths:2 | Reached skill level 15 in Throwing
 60315 | Depths:2 | Reached skill level 15 in Armour
 60315 | Depths:2 | Reached skill level 15 in Shields
 60315 | Depths:2 | Reached skill level 15 in Unarmed Combat
 60315 | Depths:2 | Reached skill level 15 in Evocations
 60707 | Depths:2 | Reached skill level 13 in Hexes
 60707 | Depths:2 | Reached skill level 13 in Charms
 60707 | Depths:2 | Reached skill level 13 in Necromancy
 60707 | Depths:2 | Reached skill level 13 in Transmutations
 60707 | Depths:2 | Reached skill level 13 in Fire Magic
 60707 | Depths:2 | Reached skill level 13 in Ice Magic
 60707 | Depths:2 | Reached skill level 13 in Air Magic
 60707 | Depths:2 | Reached skill level 13 in Earth Magic
 60707 | Depths:2 | Reached skill level 13 in Poison Magic
 60726 | Depths:2 | Found a one-way gate leading to the halls of Pandemonium.
 61324 | Depths:2 | Reached XP level 24. HP: 189/189 MP: 43/43
 61499 | Depths:3 | Noticed a juggernaut
 61543 | Depths:3 | Noticed a juggernaut
 61587 | Depths:2 | Killed a juggernaut
 61756 | Depths:2 | Learned a level 5 spell: Dispel Undead
 61987 | Depths:3 | Killed a juggernaut
 62101 | Depths:3 | Learned a level 6 spell: Death Channel
 62268 | Depths:3 | Reached skill level 16 in Dodging
 62312 | Depths:3 | Noticed a caustic shrike
 62322 | Depths:3 | Killed a caustic shrike
 62478 | Depths:3 | Reached skill level 16 in Stealth
 62785 | Depths:3 | Found a gateway to a ziggurat.
 63156 | Depths:4 | Upgraded the game from 0.23-b1-67-g8bd44de8e4 to
                  | 0.23-b1-86-gba62f8e092
 63639 | Depths:4 | Found a snail-covered altar of Cheibriados.
 63639 | Depths:4 | Found a shimmering altar of Xom.
 63640 | Depths:4 | Found a bloodstained altar of Trog.
 63749 | Depths:4 | Reached skill level 17 in Invocations
 63779 | Depths:4 | Noticed a juggernaut
 63790 | Depths:4 | Killed a juggernaut
 63800 | Depths:4 | Reached XP level 25. HP: 187/197 MP: 43/43
 63826 | Depths:4 | Reached skill level 17 in Spellcasting
 63848 | Depths:4 | Noticed a juggernaut
 63871 | Depths:4 | Killed a juggernaut
 64192 | Depths:4 | Identified the ring "Lapannesaa" {Str+6 Dex+4} (You found
                  | it on level 4 of the Depths)
 64276 | Depths:4 | Reached skill level 16 in Fighting
 64276 | Depths:4 | Reached skill level 16 in Short Blades
 64276 | Depths:4 | Reached skill level 16 in Long Blades
 64276 | Depths:4 | Reached skill level 16 in Axes
 64276 | Depths:4 | Reached skill level 16 in Maces & Flails
 64276 | Depths:4 | Reached skill level 16 in Polearms
 64276 | Depths:4 | Reached skill level 16 in Staves
 64276 | Depths:4 | Reached skill level 16 in Slings
 64276 | Depths:4 | Reached skill level 16 in Bows
 64276 | Depths:4 | Reached skill level 16 in Crossbows
 64276 | Depths:4 | Reached skill level 16 in Throwing
 64276 | Depths:4 | Reached skill level 16 in Armour
 64276 | Depths:4 | Reached skill level 16 in Shields
 64276 | Depths:4 | Reached skill level 16 in Unarmed Combat
 64276 | Depths:4 | Reached skill level 16 in Evocations
 64376 | Depths:4 | Reached skill level 14 in Conjurations
 64376 | Depths:4 | Reached skill level 14 in Summonings
 64376 | Depths:4 | Reached skill level 14 in Translocations
 64763 | Depths:5 | Entered Level 5 of the Depths
 64881 | Depths:5 | Reached skill level 14 in Hexes
 64881 | Depths:5 | Reached skill level 14 in Charms
 64881 | Depths:5 | Reached skill level 14 in Necromancy
 64881 | Depths:5 | Reached skill level 14 in Transmutations
 64881 | Depths:5 | Reached skill level 14 in Fire Magic
 64881 | Depths:5 | Reached skill level 14 in Ice Magic
 64881 | Depths:5 | Reached skill level 14 in Air Magic
 64881 | Depths:5 | Reached skill level 14 in Earth Magic
 64881 | Depths:5 | Reached skill level 14 in Poison Magic
 65166 | Depths:5 | Found a gate to the Realm of Zot.
 65236 | Depths:5 | Found a transporter.
 65237 | Depths:5 | Noticed P0WERM0DE's ghost (adept DDFi)
 65257 | Depths:5 | Found a transporter.
 65799 | Depths:5 | Reached XP level 26. HP: 169/206 MP: 44/44
 66561 | Snake:1  | Bought a manual of Shields for 1214 gold pieces
 67010 | Vaults:5 | Entered Level 5 of the Vaults
 67354 | Vaults:4 | Reached skill level 17 in Dodging
 67553 | Vaults:5 | Reached skill level 17 in Stealth
 67659 | Vaults:5 | Identified the ring "Beagh" {rElec rPois Int+2} (You found
                  | it on level 5 of the Vaults)
 67737 | Vaults:5 | Identified the +1 pair of gloves of Ablehac {Dex+5} (You
                  | found it on level 5 of the Vaults)
 67764 | Vaults:5 | Identified the ring "Syfaash" {Str+3 Int+9 Dex-2 SInv
                  | Stlth+} (You found it on level 5 of the Vaults)
 67808 | Vaults:5 | Got a silver rune of Zot
 68031 | Vaults:5 | Reached skill level 17 in Shields
 68031 | Vaults:5 | Reached skill level 18 in Invocations
 68130 | Vaults:5 | Noticed an ancient lich
 68143 | Vaults:5 | Killed an ancient lich
 68285 | Vaults:5 | Identified the ring "Kisee" {rPois rC+} (You found it on
                  | level 5 of the Vaults)
 68458 | Vaults:5 | Noticed an ancient lich
 68472 | Vaults:5 | Killed an ancient lich
 68504 | Vaults:5 | Identified the Handbook of Moulding and Feathers
 68633 | Vaults:5 | Found Dealun's General Store.
 68640 | Vaults:5 | Bought a scroll of fog for 34 gold pieces
 68640 | Vaults:5 | Bought a ration for 85 gold pieces
 68640 | Vaults:5 | Bought a ration for 85 gold pieces
 68866 | Vaults:5 | Noticed an ancient lich
 68870 | Vaults:5 | Killed an ancient lich
 68870 | Vaults:5 | Reached skill level 18 in Spellcasting
 69305 | Slime:1  | Entered Level 1 of the Pits of Slime
 69416 | Slime:2  | Reached XP level 27. HP: 213/213 MP: 45/45
 69425 | Slime:2  | Reached skill level 17 in Fighting
 69425 | Slime:2  | Reached skill level 17 in Short Blades
 69425 | Slime:2  | Reached skill level 17 in Long Blades
 69425 | Slime:2  | Reached skill level 17 in Axes
 69425 | Slime:2  | Reached skill level 17 in Maces & Flails
 69425 | Slime:2  | Reached skill level 17 in Polearms
 69425 | Slime:2  | Reached skill level 17 in Staves
 69425 | Slime:2  | Reached skill level 17 in Slings
 69425 | Slime:2  | Reached skill level 17 in Bows
 69425 | Slime:2  | Reached skill level 17 in Crossbows
 69425 | Slime:2  | Reached skill level 17 in Throwing
 69425 | Slime:2  | Reached skill level 17 in Armour
 69425 | Slime:2  | Reached skill level 17 in Unarmed Combat
 69425 | Slime:2  | Reached skill level 17 in Evocations
 69614 | Slime:5  | Entered Level 5 of the Pits of Slime
 69770 | Slime:5  | Noticed the Royal Jelly
 69856 | Slime:5  | Found a viscous altar of Jiyva.
 69864 | Slime:5  | Killed the Royal Jelly
 69982 | Slime:5  | Identified the +7 fire dragon scales "Usyafa" {rF++ rC-
                  | Dex+2 Slay+2} (You found it on level 5 of the Pits of
                  | Slime)
 70004 | Slime:5  | Identified the ring of Trepidation {rElec Str+4 Int-3
                  | Dex+4} (You found it on level 5 of the Pits of Slime)
 70025 | Slime:5  | Identified the cursed +0 pair of boots of Too Many Cooks
                  | {rPois rC- Regen+ Int-2} (You found it on level 5 of the
                  | Pits of Slime)
 70068 | Slime:5  | Got a slimy rune of Zot
 70849 | Depths:1 | Bought a potion of invisibility for 240 gold pieces
 70851 | Depths:1 | Voluntarily entered the Abyss.
 70855 | Abyss:1  | Found a corrupted altar of Lugonu.
 71169 | Abyss:1  | Found a roughly hewn altar of Beogh.
 71388 | Abyss:1  | Identified the ring of Teess {+Blink +Fly rC- Str+7 Dex+3}
                  | (You found it on level 1 of the Abyss)
 71424 | Abyss:2  | Kagerou: Thanks, game!
 71539 | Abyss:3  | Found a corrupted altar of Lugonu.
 71568 | Abyss:3  | Found a roughly hewn altar of Beogh.
 71712 | Abyss:3  | Found a corrupted altar of Lugonu.
 71762 | Abyss:3  | Found a corrupted altar of Lugonu.
 71858 | Abyss:3  | beem: I am beem. For help, type: !beem
 71871 | Abyss:3  | Reached skill level 18 in Shields
 71872 | Abyss:3  | Kagerou: !beem subscribe
 71872 | Abyss:3  | beem: I'm a bot that sends commands to the DCSS IRC
                  | knowledge bots. For details, see
                  | https://github.com/gammafunk/beem/blob/master/docs/commands
                  | .md and to have me watch your games on this server, type:
                  | !subscribe
 71872 | Abyss:3  | Kagerou: !subscribe
 71872 | Abyss:3  | beem: Subscribed. I will now watch all games of user
                  | Kagerou
 71926 | Abyss:3  | Reached skill level 15 in Conjurations
 71926 | Abyss:3  | Reached skill level 15 in Summonings
 71926 | Abyss:3  | Reached skill level 15 in Translocations
 72210 | Abyss:4  | Found a corrupted altar of Lugonu.
 72230 | Abyss:5  | Entered Level 5 of the Abyss
 72246 | Abyss:5  | Found a corrupted altar of Lugonu.
 72436 | Abyss:5  | Found a corrupted altar of Lugonu.
 72485 | Abyss:5  | Got an abyssal rune of Zot
 72613 | Abyss:5  | Noticed an ancient lich
 72616 | Depths:1 | Escaped the Abyss
 72811 | Depths:5 | Learned a level 7 spell: Orb of Destruction
 72814 | Zot:1    | Entered Level 1 of the Realm of Zot
 72888 | Zot:1    | Found a transporter.
 73069 | Zot:2    | Reached skill level 15 in Hexes
 73069 | Zot:2    | Reached skill level 15 in Charms
 73069 | Zot:2    | Reached skill level 15 in Necromancy
 73069 | Zot:2    | Reached skill level 15 in Transmutations
 73069 | Zot:2    | Reached skill level 15 in Fire Magic
 73069 | Zot:2    | Reached skill level 15 in Ice Magic
 73069 | Zot:2    | Reached skill level 15 in Air Magic
 73069 | Zot:2    | Reached skill level 15 in Earth Magic
 73069 | Zot:2    | Reached skill level 15 in Poison Magic
 73735 | Zot:5    | Entered Level 5 of the Realm of Zot
 73767 | Zot:5    | Reached skill level 18 in Dodging
 74062 | Zot:5    | Noticed an ancient lich
 74065 | Zot:5    | Reached skill level 18 in Stealth
 74068 | Zot:5    | Noticed an orb of fire
 74070 | Zot:5    | Kagerou: Nice marks, game.
 74078 | Zot:5    | Reached skill level 19 in Invocations
 74108 | Zot:5    | Noticed an orb of fire
 74108 | Zot:5    | Noticed an orb of fire
 74162 | Zot:5    | Got the Orb of Zot
 74221 | Zot:5    | Killed an orb of fire
 74376 | Depths:4 | Noticed Iseum the pandemonium lord
 74792 | D:$      | Escaped with the Orb!

Skill      XL: |  1  2  3  4  5  6  7  8  9 10 11 12 13 14 15 16 17 18 19 20 21 22 23 24 25 26 27 |
---------------+----------------------------------------------------------------------------------+-----
Conjurations   | 2 3 4 5 6 7 8 9 10 11 12 13 14 15 | 15.4
Summonings     | 2 3 4 5 6 7 8 9 10 11 12 13 14 15 | 15.4
Translocations | 2 3 4 5 6 7 8 9 10 11 12 13 14 15 | 15.4
Invocations    | 1 2 3 4 5 6 7 8 9 10 11 12 13 14 15 16 17 18 19 | 19.1
Fighting       | 1 2 3 4 5 6 7 8 9 10 11 12 13 14 15 16 17 | 17.7
Short Blades   | 1 2 3 4 5 6 7 8 9 10 11 12 13 14 15 16 17 | 17.7
Long Blades    | 1 2 3 4 5 6 7 8 9 10 11 12 13 14 15 16 17 | 17.7
Axes           | 1 2 3 4 5 6 7 8 9 10 11 12 13 14 15 16 17 | 17.7
Maces & Flails | 1 2 3 4 5 6 7 8 9 10 11 12 13 14 15 16 17 | 17.7
Polearms       | 1 2 3 4 5 6 7 8 9 10 11 12 13 14 15 16 17 | 17.7
Staves         | 1 2 3 4 5 6 7 8 9 10 11 12 13 14 15 16 17 | 17.7
Slings         | 1 2 3 4 5 6 7 8 9 10 11 12 13 14 15 16 17 | 17.7
Bows           | 1 2 3 4 5 6 7 8 9 10 11 12 13 14 15 16 17 | 17.7
Crossbows      | 1 2 3 4 5 6 7 8 9 10 11 12 13 14 15 16 17 | 17.7
Throwing       | 1 2 3 4 5 6 7 8 9 10 11 12 13 14 15 16 17 | 17.7
Armour         | 1 2 3 4 5 6 7 8 9 10 11 12 13 14 15 16 17 | 17.7
Shields        | 1 2 3 4 5 6 7 8 9 10 11 12 13 14 15 16 17 18 | 18.9
Unarmed Combat | 1 2 3 4 5 6 7 8 9 10 11 12 13 14 15 16 17 | 17.7
Evocations     | 1 2 3 4 5 6 7 8 9 10 11 12 13 14 15 16 17 | 17.7
Hexes          | 1 2 3 4 5 6 7 8 9 10 11 12 13 14 15 | 15.3
Charms         | 1 2 3 4 5 6 7 8 9 10 11 12 13 14 15 | 15.3
Necromancy     | 1 2 3 4 5 6 7 8 9 10 11 12 13 14 15 | 15.3
Transmutations | 1 2 3 4 5 6 7 8 9 10 11 12 13 14 15 | 15.3
Fire Magic     | 1 2 3 4 5 6 7 8 9 10 11 12 13 14 15 | 15.3
Ice Magic      | 1 2 3 4 5 6 7 8 9 10 11 12 13 14 15 | 15.3
Air Magic      | 1 2 3 4 5 6 7 8 9 10 11 12 13 14 15 | 15.3
Earth Magic    | 1 2 3 4 5 6 7 8 9 10 11 12 13 14 15 | 15.3
Poison Magic   | 1 2 3 4 5 6 7 8 9 10 11 12 13 14 15 | 15.3
Dodging        | 5 6 7 8 9 10 11 12 13 14 15 16 17 18 | 18.1
Stealth        | 5 6 7 8 9 10 11 12 13 14 15 16 17 18 | 18.1
Spellcasting   | 8 9 10 11 12 13 14 15 16 17 18 | 18.7

Action                   |  1- 3 |  4- 6 |  7- 9 | 10-12 | 13-15 | 16-18 | 19-21 | 22-24 | 25-27 || total
-------------------------+-------+-------+-------+-------+-------+-------+-------+-------+-------++-------
Melee: Short sword       |    18 |    24 |       |       |       |       |       |       |       ||    42
       Bite              |     1 |     4 |    18 |    44 |   145 |   171 |   240 |   255 |   347 ||  1225
       Spear             |       |    95 |    31 |       |       |       |       |       |       ||   126
       Dire flail        |       |       |   133 |   257 |    24 |       |       |       |       ||   414
       Rapier            |       |       |       |       |   940 |       |       |       |       ||   940
       Punch             |       |       |       |       |    42 |       |       |       |       ||    42
       Demon trident     |       |       |       |       |    35 |  1509 |  1876 |  1611 |  2224 ||  7255
       War axe           |       |       |       |       |     7 |       |       |       |       ||     7
       Staff             |       |       |       |       |       |     6 |       |       |       ||     6
 Fire: Hunting sling     |       |    45 |   209 |       |       |       |       |       |       ||   254
       Arbalest          |       |       |    37 |   437 |   512 |       |       |       |       ||   986
Throw: Stone             |    12 |       |       |       |       |       |       |       |       ||    12
       Tomahawk          |       |       |       |       |    12 |    22 |     1 |    57 |     2 ||    94
       Throwing net      |       |       |       |       |     2 |     4 |       |       |     1 ||     7
 Cast: Magic Dart        |    75 |    78 |   105 |    10 |       |       |       |       |       ||   268
       Conjure Flame     |       |    19 |    38 |    45 |     8 |       |       |       |       ||   110
       Mephitic Cloud    |       |     6 |    15 |    47 |    63 |     6 |     1 |     2 |     4 ||   144
       Blink             |       |     1 |     6 |     9 |     9 |     1 |     1 |     1 |     9 ||    37
       Call Imp          |       |     1 |       |       |       |       |       |       |       ||     1
       Slow              |       |       |     7 |     2 |       |       |       |       |       ||     9
       Confuse           |       |       |       |    35 |   141 |    97 |    23 |     7 |     9 ||   312
       Regeneration      |       |       |       |     1 |    47 |    49 |    13 |    12 |    26 ||   148
       Lightning Bolt    |       |       |       |       |     5 |       |       |       |       ||     5
       Passwall          |       |       |       |       |     7 |    34 |    12 |    28 |    69 ||   150
       Cause Fear        |       |       |       |       |     2 |    17 |    11 |     2 |     3 ||    35
       Passage of Golubr |       |       |       |       |       |     8 |     9 |     1 |    12 ||    30
       Metabolic Englaci |       |       |       |       |       |     2 |     5 |     7 |       ||    14
       Confusing Touch   |       |       |       |       |       |    15 |     1 |     3 |       ||    19
       Freezing Cloud    |       |       |       |       |       |     4 |       |       |       ||     4
       Apportation       |       |       |       |       |       |     2 |     4 |     3 |    81 ||    90
       Invisibility      |       |       |       |       |       |     2 |    16 |     8 |    12 ||    38
       Deflect Missiles  |       |       |       |       |       |     1 |     8 |     8 |     9 ||    26
       Airstrike         |       |       |       |       |       |       |    17 |    23 |     4 ||    44
       Dispel Undead     |       |       |       |       |       |       |       |     7 |    23 ||    30
       Death Channel     |       |       |       |       |       |       |       |     7 |     6 ||    13
       Summon Butterflie |       |       |       |       |       |       |       |       |     2 ||     2
       Orb of Destructio |       |       |       |       |       |       |       |       |     1 ||     1
Invok: Call Merchant     |       |       |       |     2 |     3 |     3 |     1 |     2 |     2 ||    13
       Bribe Branch      |       |       |       |       |       |       |       |       |     2 ||     2
 Abil: Evoke Flight      |       |       |       |       |       |    15 |       |       |       ||    15
       Stop Flying       |       |       |       |       |       |     4 |       |       |       ||     4
       Evoke Invisibilit |       |       |       |       |       |       |       |     1 |       ||     1
Evoke: Wand              |       |       |     2 |     3 |       |       |     1 |     3 |     6 ||    15
       Lamp of fire      |       |       |       |       |       |       |       |     3 |     1 ||     4
       Sack of spiders   |       |       |       |       |       |       |       |       |     2 ||     2
  Use: Scroll            |     6 |     3 |    12 |    10 |    16 |    17 |    15 |     8 |    20 ||   107
       Potion            |       |       |     1 |     1 |       |     3 |     1 |       |     9 ||    15
 Stab: Sleeping          |     1 |     2 |     2 |       |    15 |    98 |   152 |   100 |    63 ||   433
       Confused          |       |     3 |     4 |    27 |    87 |    79 |    18 |    17 |    16 ||   251
       Distracted        |       |       |       |       |     6 |    17 |    32 |    25 |    30 ||   110
       Held in net/web   |       |       |       |       |     1 |     7 |       |     1 |     1 ||    10
       Invisible         |       |       |       |       |       |    11 |    61 |    27 |    67 ||   166
       Fleeing           |       |       |       |       |       |     1 |       |     1 |       ||     2
  Eat: Chunk             |     2 |     7 |     2 |       |       |       |       |       |       ||    11
       Ration            |       |     1 |     4 |    10 |    15 |    13 |    13 |    10 |    14 ||    80
Armor: Robe              |     4 |    11 |     6 |       |    19 |       |       |       |       ||    40
       Leather armour    |       |       |    25 |    10 |       |       |       |       |       ||    35
       Ring mail         |       |       |       |    66 |   247 |   242 |   124 |       |       ||   679
       Fire dragon scale |       |       |       |       |       |       |   118 |   208 |   317 ||   643
Dodge: Dodged            |    20 |    72 |   163 |   236 |   749 |   553 |   525 |   467 |   602 ||  3387
       Deflected         |       |       |       |       |       |     4 |    60 |    49 |    85 ||   198
Block: Shield            |       |       |       |       |    19 |   544 |   572 |   569 |   643 ||  2347
       Reflection        |       |       |       |       |       |       |       |    18 |    50 ||    68
       Large shield      |       |       |       |       |       |       |       |       |   500 ||   500
